 Dungeon Crawl Stone Soup version 0.27.0-1-g7a089689b8 (webtiles) character file.

Game seed: 3879546788375832461

233 mhtbhm the Chopper (level 5, -8/70 HPs)
             Began as a Minotaur Berserker on Aug 2, 2021.
             Was a Believer of Trog.
             Mangled by a gnoll (10 damage)
             ... on level 4 of the Dungeon.
             The game lasted 00:07:19 (3327 turns).

mhtbhm the Chopper (Minotaur Berserker)             Turns: 3327, Time: 00:07:20

Health: -8/70      AC: 22    Str: 22    XL:     5   Next: 75%
Magic:  0/4        EV:  2    Int:  4    God:    Trog [**....]
Gold:   31         SH:  0    Dex: 10    Spells: 4/4 levels left

rFire    . . .     SeeInvis +   a - +0 hand axe
rCold    . . .     Faith    .   (no shield)
rNeg     + + +     Spirit   +   (armour currently unavailable)
rPois    +         Reflect  .   (helmet currently unavailable)
rElec    .         Harm     .   (cloak currently unavailable)
rCorr    .         Rampage  .   (gloves currently unavailable)
Will     .....     NoTele   +   (boots currently unavailable)
Stlth    +.........             m - amulet of guardian spirit
HPRegen  0.21/turn              h - ring of see invisible
MPRegen  0.09/turn              (no ring)

@: tree-form (expiring), on berserk cooldown, slowed, very slow
A: stationary, stasis, torment immunity, boosted hp, (horns 2), (retaliatory
headbutt)
a: Renounce Religion, Berserk, Trog's Hand


You were on level 4 of the Dungeon.
You worshipped Trog.
Trog was pleased with you.
You were a tree.
You visited 1 branch of the dungeon, and saw 4 of its levels.

You collected 79 gold pieces.
You spent 48 gold pieces at shops.

Inventory:

Hand Weapons
 a - a +0 hand axe (weapon)
Missiles
 f - a throwing net (quivered)
Armour
 b - a +0 scale mail (melded)
Jewellery
 h - a ring of see invisible (left branch)
 m - an amulet of guardian spirit (around neck)
Scrolls
 c - 2 scrolls of enchant weapon
 d - a scroll of fog
 e - a scroll of magic mapping
 j - a scroll of vulnerability
 p - a scroll of enchant armour {unknown}
 q - a scroll of torment {unknown}
Potions
 k - a potion of might


   Skills:
 + Level 4.9 Fighting
 + Level 5.8 Axes
 + Level 4.0 Armour
 + Level 3.1 Dodging


You had 4 spell levels left.
You didn't know any spells.
Your spell library was empty.

Dungeon Overview and Level Annotations

Branches:
Dungeon (4/15)
 Temple: D:4-7

Altars:
Ashenzari

Shops:
D:1 [   D:2 ?


Innate Abilities, Weirdness & Mutations

You are a tree.
Your roots penetrate the ground, keeping you stationary.
You cannot be teleported.
You are immune to unholy pain and torment.
Your maximum health is greatly increased.
Your equipment is partially melded.
((You have a pair of horns on your head.))
((You reflexively headbutt those who attack you in melee.))


Message History

Trog appreciates your killing of a magic user.
You miss the orc wizard. The gnoll hits you but does no damage.
Your Dodging skill increases to level 3!
You closely miss the orc wizard.
The orc wizard is heavily wounded.
The orc wizard hits you but does no damage.
You closely miss the orc wizard.
The orc wizard is heavily wounded.
The gnoll hits you but does no damage. The orc wizard casts a spell at you.
You resist with some effort.
You hit the orc wizard.
The orc wizard is severely wounded.
The gnoll hits you but does no damage.
The orc wizard points at you and mumbles some strange words.
The magic dart hits you but does no damage.
You barely miss the orc wizard.
The orc wizard is severely wounded.
You slash the orc wizard!
You feel the power of Trog in you as your rage grows.
You kill the orc wizard!
Trog accepts your kill.
Trog appreciates your killing of a magic user.
The gnoll hits you from afar with a +4 spear.
* * * LOW HITPOINT WARNING * * *
Your Armour skill increases to level 4!
Unknown command.
You are too berserk!
Unknown command.
You cannot move.
You are too berserk!
Unknown command.
The gnoll hits you but does no damage. x2
You feel a strong urge to attack something.
The gnoll hits you but does no damage. x2
You feel your anger nearly subside.
You are no longer berserk.
You are exhausted.
You feel yourself slow down.
The gnoll hits you from afar with a +0 halberd!
You die...

#.#.............
#.#........<.... .
....<.......... ..
#.............
...##.............
.........<.......
#..............
#..............
##g)♣..........
.(....))..........
####...g....(....?
#...............
................>
o.###............
. #...........
.###.!......


You could see an orc wizard (wandering, invisible) and 2 gnolls.

Vanquished Creatures
  A necrophage (D:4)
  2 orc wizards (D:4)
  Robin (D:2)
  A gnoll (D:4)
  An adder (D:2)
  2 worms (D:2)
  2 dart slugs
  3 bats
  2 endoplasms (D:3)
  3 giant cockroaches (D:1)
  14 goblins
  7 hobgoblins
  8 jackals
  2 quokkas (D:3)
  4 ball pythons
  2 frilled lizards
  A jackal skeleton (D:2)
  4 kobolds
  3 rats
63 creatures vanquished.

Vanquished Creatures (others)
  A plant (D:1)
1 creature vanquished.

Grand Total: 64 creatures vanquished

Notes
Turn   | Place    | Note
-------+----------+-------------------------------------------
     0 | D:1      | mhtbhm the Minotaur Berserker began the quest for the Orb.
     0 | D:1      | Reached XP level 1. HP: 19/19 MP: 0/0
   302 | D:1      | Reached XP level 2. HP: 27/27 MP: 1/1
   702 | D:1      | Found Powk's Armour Shoppe.
  1124 | D:2      | Reached skill level 4 in Axes
  1342 | D:2      | Found a faded altar of an unknown god.
  1357 | D:2      | Noticed Robin
  1358 | D:2      | Found Nucuixko's Magic Scroll Shop.
  1361 | D:2      | Reached XP level 3. HP: 33/33 MP: 2/2
  1365 | D:2      | Reached ** piety under Trog
  1370 | D:2      | Killed Robin
  1495 | D:2      | Bought a scroll of identify for 24 gold pieces
  1495 | D:2      | Bought a scroll of identify for 24 gold pieces
  1648 | D:2      | Reached XP level 4. HP: 39/41 MP: 3/3
  2498 | D:3      | Reached skill level 5 in Axes
  3207 | D:3      | Found a broken altar of Ashenzari.
  3293 | D:4      | Noticed a necrophage
  3308 | D:4      | Killed a necrophage
  3309 | D:4      | Reached XP level 5. HP: 13/47 MP: 1/4
  3317 | D:4      | HP: 4/105 [orc wizard/magic dart (8)]
  3323 | D:4      | HP: 3/105 [gnoll (2)]
  3327 | D:4      | Mangled by a gnoll

Illustrated notes

Levels and vault maps discovered:
D:1:      eino_arrival_water_cross, layout_basic, serial_shops, shop_statue,
          amethyst_killhole
D:2:      minmay_alternating_diamond, layout_rooms,
          shapermc_ecumenical_altar_rom_forum, serial_shops,
          nicolae_shop_temple_entry_statues_fountains, uniq_robin
D:3:      layout_basic, mainiacjoe_overflow_alcove_2, minmay_strange_pillars,
          minmay_misc_feat_alley
D:4:      layout_basic, minitemple, st_stairs_8,
          minmay_a_box_with_orc_wizards_in_it, uniq_purgy

Skill      XL: |  1  2  3  4  5 |
---------------+----------------+-----
Fighting       | 4 |  4.9
Axes           | 4 5 |  5.8
Armour         | 3 4 |  4.0
Dodging        | 3 |  3.1

Action                   |  1- 3 |  4- 6 || total
-------------------------+-------+-------++-------
Melee: Hand axe          |    66 |    79 ||   145
       Headbutt          |     6 |     5 ||    11
Invok: Berserk           |     1 |     1 ||     2
  Use: Potion            |     1 |     4 ||     5
       Scroll            |     2 |     4 ||     6
Armor: Animal skin       |     5 |       ||     5
       Ring mail         |     2 |       ||     2
       Scale mail        |    25 |    30 ||    55
       Skin              |       |    35 ||    35
Dodge: Dodged            |    47 |    38 ||    85
